 Dungeon Crawl Stone Soup version 0.20.1-1-g8b1a95d (webtiles) character file.

49 dvd the Covered (level 3, -1/30 HPs)
             Began as a Barachi Fighter on Sept 22, 2017.
             Slain by a gnoll
             ... wielding a +1 flail of holy wrath
              (9 damage)
             ... on level 2 of the Dungeon.
             The game lasted 00:08:47 (1829 turns).

dvd the Covered (Barachi Fighter)                   Turns: 1829, Time: 00:08:47

Health: -1/30      AC:  7    Str: 17    XL:     3   Next: 75%
Magic:  3/3        EV:  7    Int:  8    God:
Gold:   71         SH: 13    Dex: 12    Spells: 2/2 levels left

rFire    . . .     SeeInvis .   a - +0 long sword
rCold    . . .     Gourm    .   c - +0 shield
rNeg     . . .     Faith    .   b - +0 scale mail
rPois    .         Spirit   .   (no helmet)
rElec    .         Reflect  +   (no cloak)
rCorr    .         Harm     .   (no gloves)
MR       .....                  (no boots)
Stlth    ..........             v - +4 amulet of reflection
Regen    0.1/turn               (no ring)
MPRegen  0.1/turn               (no ring)

@: slow
A: +LOS, swims, slowness 1, strong legs 1
a: Hop


You were on level 2 of the Dungeon.
You were not hungry.

You visited 1 branch of the dungeon, and saw 3 of its levels.

You collected 71 gold pieces.

Inventory:

Hand Weapons
 a - a +0 long sword (weapon)
 o - a +3 mace
 s - a +0 hunting sling
Missiles
 i - 3 javelins (quivered)
 t - 10 sling bullets
Armour
 b - a +0 scale mail (worn)
 c - a +0 shield (worn)
Jewellery
 v - a +4 amulet of reflection (around neck)
Scrolls
 e - a scroll of enchant weapon {unknown}
 j - a scroll of teleportation {unknown}
 k - 2 scrolls of identify {unknown}
 l - a scroll of fear {unknown}
 n - a scroll of blinking {unknown}
 r - a scroll of immolation {unknown}
 u - 2 scrolls of remove curse {unknown}
Potions
 d - a potion of might
 h - a potion of cancellation {unknown}
 m - a potion of flight {unknown}
 p - a potion of heal wounds {unknown}
 q - a potion of brilliance {unknown}
 x - a potion of berserk rage {unknown}
 z - a potion of curing {unknown}
Comestibles
 f - a bread ration
 g - a meat ration


   Skills:
 + Level 4.1 Fighting
 + Level 3.4 Long Blades
 + Level 0.2 Throwing
 + Level 4.2 Armour
 + Level 0.4 Dodging
 + Level 3.4 Shields


You had 2 spell levels left.
You didn't know any spells.

Dungeon Overview and Level Annotations

Branches:
Dungeon (3/15)

Altars:


Innate Abilities, Weirdness & Mutations

Shadows flee at your approach. (+LOS)
You can swim through water.
You cover ground slowly.
You can hop short distances.


Message History

A bat comes into view.
There is a stone staircase leading up here.
The bat moves out of view.
The gnoll hits you from afar with a spear!
You block the gnoll's attack. The gnoll barely misses you.
You climb upwards.
There is a stone staircase leading down here.
Unknown command.
You hit the gnoll but do no damage. You block the gnoll's attack.
You barely miss the gnoll.
The gnoll hits you with a flail of holy wrath.
* * * LOW HITPOINT WARNING * * *
Unknown command.
You hit the gnoll.
The gnoll is lightly wounded.
You block the gnoll's attack.
You hit the gnoll but do no damage.
The gnoll is lightly wounded.
The gnoll hits you with a flail of holy wrath!
You die...

#.# #.#.##.#.....# #.# #.......##
#.# #.#.##.##...####.# ####.#####
#.# #.#..............# #.# # #.#
#.####.###.####### #.# #
#.###.####.# #.# #.# #
...##......###)## #.# #
...##########...## #.# ....###
##.....## ####.# ......#
##.....@g## ##.##.#
......####.........####...#.#####
.........+.........'.............
......####.........####...#.#####
...#.## ##...(...## ##.##.#
.....# ##.....## ####.# ####.#
##...## #.# #.# ##+## #.# #(# #.#
#.#


You could see a gnoll.

Vanquished Creatures
  2 worms (D:2)
  A dart slug (D:1)
  2 leopard geckos
  6 bats
  3 giant cockroaches
  5 goblins (D:1)
  4 hobgoblins
  2 frilled lizards
  5 kobolds
  9 rats
39 creatures vanquished.

Notes
Turn   | Place    | Note
-------+----------+-------------------------------------------
     0 | D:1      | dvd the Barachi Fighter began the quest for the Orb.
     0 | D:1      | Reached XP level 1. HP: 18/18 MP: 1/1
   221 | D:1      | Reached XP level 2. HP: 16/25 MP: 2/2
   688 | D:1      | Reached XP level 3. HP: 27/30 MP: 3/3
  1829 | D:2      | Slain by a gnoll

Skill      XL: |  1  2  3 |
---------------+----------+-----
Long Blades    | 3 |  3.4
Armour         | 4 |  4.2
Fighting       | 4 |  4.1
Throwing       | |  0.2
Dodging        | |  0.4
Shields        | |  3.4

Action                   || total
-------------------------++-------
Melee: Long sword        ||   136
Throw: Javelin           ||    15
  Eat: Chunk             ||     4
Armor: Scale mail        ||    59
Dodge: Dodged            ||    44
Block: Shield            ||    84
       Rpst.: Long sword ||    14
